AoeStats
← Fabian

Nomad

509730442Analyzed
2v2 RM · 6d ago on Sep 27, 2026· 51m 11s· 4 players
Game mode
Random Map
Map size
176×176
Population
200
Speed
Normal
Resources
Standard
Victory
Conquest
Starting age
Dark Age
Ending age
Imperial Age
RankedLock teamsTeams togetherTeam positionsShared explorationLock speedFull tech treeHidden civsTurbo modeCheats
Victory
Defeat
🇫🇷 Franks · France
1004
+14
🇫🇷 Saxons · France
999
+14
🇧🇷 Mongols · Brazil
965
-14
🇧🇷 Persians · Brazil
964
-14
BARBARUIVA
3:18 Loom
15:15 Feudal Age
16:18 Double-Bit Axe
16:17 Fishing Lines
22:47 Castle Age
20:45 Gold Mining
20:46 Stone Mining
20:41 Horse Collar
21:28 Scale Barding Armor
21:34 Forging
24:18 Iron Casting
24:03 Chain Barding Armor
24:00 Bloodlines
23:51 Husbandry
33:22 Bow Saw
33:49 Wheelbarrow
35:55 Ballistics
35:48 Masonry
39:35 Padded Archer Armor
41:05 Squires
40:51 Arson
Fabian
16:17 Feudal Age
15:32 Loom
17:59 Horse Collar
18:06 Double-Bit Axe
18:31 Fishing Lines
22:35 Castle Age
20:40 Arson
22:04 Stone Mining
23:16 Gillnets
24:10 Bow Saw
25:25 Wheelbarrow
26:42 Hand Cart
26:22 Gold Mining
27:41 Gold Shaft Mining
29:18 Stone Shaft Mining
31:05 Murder Holes
31:33 Ballistics
32:03 Fervor
33:31 Masonry
34:51 Heavy Plow
35:06 Scale Barding Armor
37:45 Imperial Age
36:08 Chain Barding Armor
37:05 Bloodlines
36:55 Husbandry
39:13 Two-Man Saw
38:51 Plate Barding Armor
38:43 Conscription
39:30 Citadels
41:04 Elite War Elephant
49:11 Padded Archer Armor
49:41 Fletching
50:54 Chemistry
50:14 Kamandaran
49:52 Crossbowman
51:05 Thumb Ring
MYAC
2:56 Loom
13:13 Feudal Age
18:29 Double-Bit Axe
23:03 Castle Age
22:03 Horse Collar
24:49 Padded Archer Armor
24:52 Scale Mail Armor
25:02 Forging
25:02 Thumb Ring
25:48 Bow Saw
25:44 Heavy Plow
27:54 Wheelbarrow
32:47 Ballistics
32:18 Heated Shot
34:23 Murder Holes
35:18 Hand Cart
40:45 Imperial Age
37:43 Crossbowman
38:49 Squires
38:57 Pikeman
39:32 Clerical Recruitment
40:47 Arson
41:06 Elite Varangian Guard
43:53 Chemistry
43:04 Masonry
42:35 Treadmill Crane
43:01 Siege Engineers
43:33 Halberdier
Poupi42
10:09 Loom
11:47 Loom
14:12 Feudal Age
22:27 Castle Age
21:46 Forging
21:42 Scale Barding Armor
24:05 Chain Barding Armor
25:55 Iron Casting
27:57 Husbandry
30:16 Scale Mail Armor
29:38 Pikeman
33:34 Chain Mail Armor
33:07 Double-Bit Axe
34:01 Wheelbarrow
33:17 Fishing Lines
37:01 Bow Saw
42:55 Imperial Age
40:43 Hand Cart
44:34 Plate Barding Armor
45:01 Blast Furnace
46:42 Fletching
47:06 Gold Mining
47:07 Stone Mining
48:14 Cavalier
50:49 Plate Mail Armor
50:15 Bodkin Arrow
50:21 Padded Archer Armor
50:33 Capped Ram
51:03 Light Cavalry
Connection lost

Rejoining the realm…

Still unreachable

The connection could not be restored.

Session expired

The server has moved on; the page needs a fresh start.